 Dungeon Crawl Stone Soup version 0.29.0-13-gc9e81de378 (webtiles) character file.

Game seed: 18354727446722607902

32 SnakkuSnakku7 the Sneak (level 2, 0/27 HPs)
             Began as a Demigod Delver on Sept 7, 2022.
             Slain by an orc
             ... wielding a +0 hand axe
              (1 damage)
             ... on level 5 of the Dungeon.
             The game lasted 00:00:38 (122 turns).

SnakkuSnakku7 the Sneak (Demigod Delver)             Turns: 122, Time: 00:00:38

Health: 0/27       AC:  3    Str: 13    XL:     2   Next: 93%
Magic:  4/4        EV: 12    Int: 12    God:
Gold:   10         SH:  0    Dex: 15    Spells: 1/1 levels left

rFire   . . .      SeeInvis .   a - +0 hand axe
rCold   + . .      Faith    .   (no shield)
rNeg    . . .      Spirit   .   d - +1 robe "Ticumaopt" {rC+ Archmagi}
rPois   .          Reflect  .   (no helmet)
rElec   .          Harm     .   (no cloak)
rCorr   .          Rampage  .   (no gloves)
Will    .....      Archmagi +   (no boots)
Stlth   +++.......              (no amulet)
HPRegen 0.09/turn               (no ring)
MPRegen 0.09/turn               (no ring)

@: no status effects
A: high MP 1, forlorn, divine attributes
a: no special abilities


You were on level 5 of the Dungeon.
You visited 1 branch of the dungeon, and saw 1 of its levels.

You collected 10 gold pieces.

Inventory:

Hand Weapons
 a - a +0 hand axe (weapon)
Armour
 b - a +0 leather armour
 d - the +1 robe "Ticumaopt" (worn) {rC+ Archmagi}
   (You found it on level 5 of the Dungeon)

   rC:        It protects you from cold.
   Archmagi:  It increases the power of your magical spells.
Wands
 g - a wand of digging (3)
 h - a wand of acid (4)
Scrolls
 c - a scroll of fog
 e - a scroll of fear
Potions
 f - a potion of haste
 i - a potion of mutation {unknown}


   Skills:
 + Level 3.9 Fighting
 - Level 1.7 Axes
 - Level 1.7 Dodging
 - Level 4.5 Stealth


You had one spell level left.
You didn't know any spells.
Your spell library was empty.

Dungeon Overview and Level Annotations

Branches:
Dungeon (5/15)
 Temple: D:4-7


Innate Abilities, Weirdness & Mutations

You have an increased reservoir of magic. (+10% MP)
You shall have no god before yourself.
Your divine heritage dramatically boosts your attributes as you level up.


Message History

Aim: an orc, wielding a +0 whip (71% to hit)
The bolt of acid hits the orc priest!
You kill the orc priest!
The bolt of acid misses the orc.
You hear a shout!
Your Fighting skill increases to level 3!
You have reached level 2!
You hit the orc.
The orc is heavily wounded.
The orc hits you but does no damage.
You slash the orc!
You kill the orc!
i - a fuming grey potion
Things that are here:
a +0 whip; a +0 club; an orc corpse You start resting.
An orc comes into view. It is wielding a +0 spear.
The orc shouts! x2
The orc hits you with a +0 spear.
There is an open door here.
You hit the orc.
The orc is heavily wounded.
The orc hits you but does no damage.
You hit the orc but do no damage.
The orc is heavily wounded.
The orc hits you with a +0 spear.
* * * LOW HITPOINT WARNING * * *
The orc hits you with a +0 spear.
* * * LOW HITPOINT WARNING * * *
You closely miss the orc.
The orc is heavily wounded.
The orc closely misses you.
Unknown command.
The orc attacks as you move away! The orc barely misses you.
The orc hits you from afar with a +0 spear.
* * * LOW HITPOINT WARNING * * *
Things that are here:
a +0 whip; a +0 club; an orc corpse The orc attacks as you move away!
The orc hits you with a +0 hand axe.
You die...

,,,*,,*,,,,,,,,,,,,,,,,*
,,,*,,+...,,,,,,,,,,,,,*
.,,*,,#..,,,,,,,,,.....#
..,*,,#..,,,,,,,,,.....#
...####..,,,,,,,,,.....##********
!.......#+###+##+#.......,,,,,,,,
........#........#.......,,,,,,,,
........#........#.......,,,,,,,,
.[......#'###...@#.......,,,,,,,,
............#....oo...<..,,,,,,,,
####........##+###....###*******,
*,,+............#*##+## *,
*,,#............#,,,,,* *,
*,,###+#........#,,,,***********,
*,,**,,#........#******~~,,,,,,,,
*,,**,,#####....# *~~~,,,,,,,
*,,**,,**,,#....# *~~~,,,,,,,


You could see 2 orcs.

Vanquished Creatures
  An orc priest (D:5)
  An orc (D:5)
2 creatures vanquished.

Notes
Turn   | Place    | Note
-------+----------+-------------------------------------------
     0 | D:5      | SnakkuSnakku7 the Demigod Delver began the quest for the
                  | Orb.
     0 | D:5      | Reached XP level 1. HP: 18/18 MP: 3/3
    19 | D:5      | Noticed an iguana
    73 | D:5      | Identified the +1 robe "Ticumaopt" {rC+ Archmagi}
    98 | D:5      | Noticed an orc priest
   105 | D:5      | Killed an orc priest
   106 | D:5      | Reached XP level 2. HP: 15/27 MP: 4/4
   121 | D:5      | HP: 1/27 [orc/+0 spear (2)]
   122 | D:5      | Slain by an orc

Illustrated notes

Levels and vault maps discovered:
D:5:      layout_gridville, riverfiend_overflow_shadow_ancestor,
          nzn_wu_jian_contemplation, uniq_edmund

Skill      XL: |  1 |
---------------+----+-----
Fighting       | 3 |  3.9
Axes           | |  1.7
Dodging        | |  1.7
Stealth        | |  4.5

Action                   || total
-------------------------++-------
Melee: Hand axe          ||     6
Evoke: Wand              ||     2
  Use: Scroll            ||     1
Armor: Robe              ||     2
Dodge: Dodged            ||     2
